 Dungeon Crawl Stone Soup version 0.31-a0-265-gcf7e37af1d (webtiles) character file.

Game seed: 17205574723741979819

35 qw the Shooter (level 3, -1/21 HPs)
             Began as a Gargoyle Hexslinger on July 13, 2023.
             Slain by an adder (2 damage)
             ... on level 1 of the Dungeon.
             The game lasted 00:00:17 (613 turns).

qw the Shooter (Gargoyle Hexslinger)                 Turns: 613, Time: 00:00:18

Health: -1/21      AC:  6    Str: 11    XL:     3   Next: 33%
Magic:  4/4        EV: 11    Int: 13    God:
Gold:   106        SH:  0    Dex: 14    Spells: 3/4 levels left

rFire   . . .        Y - +1 sling
rCold   . . .        (no shield)
rNeg    + . .        d - +0 leather armour
rPois   inf          (no helmet)
rElec   +            (no cloak)
rCorr   .            (no gloves)
SInv    .            (no boots)
Will    .....        (no amulet)
Stlth   +            (no ring)
HPRegen 0.23/turn    (no ring)
MPRegen 0.09/turn

%: no passive effects
@: mighty
A: sickness immunity, AC +3, negative energy resistance 1, electricity
resistance, torment resistance 1, petrification resistance
a: no special abilities


You were on level 1 of the Dungeon.
You visited 1 branch of the dungeon, and saw 2 of its levels.

You collected 106 gold pieces.


Innate Abilities, Weirdness & Mutations

You are immune to sickness and miasma.
Your stone body is resilient. (AC +3)
You are immune to poison.
You resist negative energy. (rN+)
You are resistant to electric shocks. (rElec)
You are resistant to unholy torment.
You are immune to petrification.


   Skills:
 - Level 2.0 Fighting
 + Level 3.2 Ranged Weapons
 - Level 1.5 Dodging
 - Level 1.0 Spellcasting
 - Level 2.6 Hexes


You had 3 spell levels left.
You knew the following spells:

 Your Spells              Type           Power      Damage    Failure   Level
a - Slow                  Hex            28%        N/A       12%         1

Your spell library contained the following spells:

 Spells                   Type           Power      Damage    Failure   Level
 Inner Flame              Hex/Fire       4%         N/A       54%         3
 Portal Projectile        Hex/Tloc       8%         N/A       54%         3
 Cause Fear               Hex            3%         N/A       77%         4

Inventory:

Hand Weapons
 Y - a +1 sling (weapon)
Armour
 d - a +0 leather armour (worn)
Potions
 g - a potion of might
 h - a potion of haste {unknown}

Dungeon Overview and Level Annotations

Branches:
Dungeon (2/15)

Altars:


Message History

The adder barely misses you. The kobold hits you with a +0 club.
The adder bites you. The adder barely misses you.
The kobold hits you but does no damage.
604 ||| STAIRDANCE The adder closely misses you.
The adder bites you. The adder barely misses you.
The kobold hits you with a +0 club.
You climb upwards.
There is a stone staircase leading down here.
You shoot a sling bullet.
The sling bullet barely misses the adder.
The adder closely misses you. The adder bites you but does no damage.
The kobold closely misses you. The adder bites you but does no damage.
You shoot a sling bullet.
The sling bullet closely misses the adder.
The adder bites you but does no damage. The adder closely misses you.
The kobold hits you with a +0 club. The adder bites you.
The adder closely misses you.
You shoot a sling bullet.
The sling bullet closely misses the adder.
The adder bites you. The kobold barely misses you. The adder barely misses you.
The adder closely misses you. The kobold closely misses you.
You shoot a sling bullet. The sling bullet misses the adder.
The adder barely misses you. x2; The kobold hits you but does no damage.
The adder closely misses you.
You shoot a sling bullet. The sling bullet hits the adder.
The adder is almost dead.
The adder barely misses you. The adder closely misses you.
The kobold closely misses you. The adder bites you but does no damage.
You shoot a sling bullet. The sling bullet misses the adder.
The adder bites you but does no damage. x2; The kobold hits you with a +0 club.
The adder barely misses you. The adder bites you but does no damage.
You shoot a sling bullet.
The sling bullet hits the adder but does no damage.
The adder is almost dead.
The adder bites you. The kobold hits you with a +0 club.
The adder bites you but does no damage. x2; The kobold closely misses you.
You shoot a sling bullet.
The sling bullet closely misses the adder.
The adder bites you.
You die...

.....#.#.#..........#
.....#.#....#....##.#
.....#.#......#...#.#
.....#.#...##.#...#.#
.......#...##.##..#.#
.###.########.....#.#
.))#..............#.#
%#...%.....########.#
.#........?'...S@K..#
##.........#####S####
#..)......#####.#
#.........####..#
#####.....####.##
###.....####.## #
###.....###..## ##
##########..### .##
#...##


You could see 2 adders and a kobold.

Vanquished Creatures
  A dart slug (D:1)
  2 bats (D:1)
  4 endoplasms (D:1)
  A giant cockroach (D:1)
  2 goblins (D:1)
  4 hobgoblins (D:1)
  4 jackals (D:1)
  3 kobolds (D:1)
  A quokka (D:1)
  A ball python (D:1)
  A frilled lizard (D:1)
  3 rats (D:1)
27 creatures vanquished.

Notes
Turn   | Place    | Note
-------+----------+-------------------------------------------
     0 | D:1      | qw the Gargoyle Hexslinger began the quest for the Orb.
     0 | D:1      | Reached XP level 1. HP: 12/12 MP: 2/2
     0 | D:1      | 0 ||| qw: Version: 0.3-a-52-g30416fa
     0 | D:1      | 0 ||| qw: Game counter: 7622
     0 | D:1      | 0 ||| qw: Melee chars always use a shield: true
     0 | D:1      | 0 ||| qw: God list: Okawaru
     0 | D:1      | 0 ||| qw: Allow faded altars: false
     0 | D:1      | 0 ||| qw: Do Orc after clearing Dungeon:15 true
     0 | D:1      | 0 ||| qw: Do second Lair branch before Depths: true
     0 | D:1      | 0 ||| qw: Lair rune preference: random
     0 | D:1      | 0 ||| qw: Goals: Normal
     0 | D:1      | 0 ||| PLANNING D:1-11
    76 | D:1      | Reached XP level 2. HP: 16/16 MP: 3/3
   202 | D:1      | Reached skill level 3 in Ranged Weapons
   303 | D:1      | Reached XP level 3. HP: 21/21 MP: 4/4
   572 | D:1      | 572 ||| UPGRADING to +0 leather armour.
   582 | D:1      | 582 ||| DROPPING +0 robe.
   583 | D:1      | 583 ||| READING scroll labelled NUNOPP KI WAO.
   584 | D:1      | 584 ||| READING scroll labelled JUJIMITUDO.
   585 | D:1      | 585 ||| DRINKING 2 blue potions.
   586 | D:1      | 586 ||| DROPPING scroll of poison.
   604 | D:2      | 604 ||| STAIRDANCE
   612 | D:1      | HP: 5/21 [adder (2)]
   612 | D:1      | HP: 1/21 [kobold/+0 club (4)]
   613 | D:1      | Slain by an adder

Levels and vault maps discovered:
D:1:      amcnicky_arrival_blooded_trapdoor, layout_basic
D:2:      layout_rooms, basic_altar

Skill      XL: |  1  2 |
---------------+-------+-----
Ranged Weapons | 3 |  3.2
Fighting       | 2 |  2.0
Dodging        | |  1.5
Spellcasting   | |  1.0
Hexes          | |  2.6

Action                     || total
---------------------------++-------
   Fire: Sling             ||    80
    Use: Scroll            ||     2
         Potion            ||     1
 Armour: Robe              ||     7
         Leather armour    ||    16
  Dodge: Dodged            ||    51

Table legend:
 A = Non-vault XP
 B = Vault XP
 C = Vault XP percentage of total XP
 D = Non-vault monster count
 E = Vault monster count
 F = Vault count percentage of total count
                 A         B        C        D         E       F
            +---------+---------+-------+---------+---------+-------
      Total |      50 |       0 |   0.0 |      27 |       0 |   0.0
            +---------+---------+-------+---------+---------+-------
        D:1 |      50 |       0 |   0.0 |      27 |       0 |   0.0
            +---------+---------+-------+---------+---------+-------
